 Dungeon Crawl Stone Soup version 0.30-b1-2-g02819fbbbe (webtiles) character file.

Game seed: 3271692802535657455

53113 raph the Unseen (level 15, -3/95 HPs)
             Began as a Kobold Enchanter on Jan 4, 2024.
             Was an Initiate of Gozag.
             Slain by a tyrant leech (15 damage)
             ... on level 5 of the Lair of Beasts.
             The game lasted 00:48:02 (21539 turns).

raph the Unseen (Kobold Enchanter)                 Turns: 21539, Time: 00:48:02

Health: -3/95      AC: 15    Str:  8    XL:     15   Next: 8%
Magic:  37/38      EV: 15    Int: 21    God:    Gozag
Gold:   4395       SH:  0    Dex: 18    Spells: 9/35 levels left

rFire   + . .        H - +2 dagger (venom)
rCold   + . .        (no shield)
rNeg    . . .        N - +2 robe {rC+ rF+}
rPois   .            z - +2 helmet {SInv}
rElec   .            O - +0 cloak {Stlth+}
rCorr   .            j - +0 pair of gloves
SInv    +            G - +1 pair of boots {rampage}
Will    +....        S - amulet of regeneration
Stlth   +++++++++    t - ring of Tiydghus {MP+9 Str+2 Stlth+}
HPRegen 1.15/turn    A - +4 ring of protection
MPRegen 0.26/turn

%: rampage
@: about to teleport, slowed, very slow
A: small, no large weapons, nightstalker 3
a: Renounce Religion, Potion Petition, Call Merchant, Bribe Branch


You were on level 5 of the Lair of Beasts.
You worshipped Gozag.
Gozag was most pleased with you.
You visited 3 branches of the dungeon, and saw 14 of its levels.
You also visited: Gauntlet and Volcano.

You collected 4783 gold pieces.
You spent 340 gold pieces at shops.
You paid 48 gold pieces to Gozag.

Inventory:

Hand Weapons
 a - a +2 dagger of speed
 b - a +0 vampiric short sword
 H - a +2 dagger of venom (weapon)
 K - a +0 rapier
Missiles
 i - 19 poisoned darts (quivered)
 l - 6 curare-tipped darts
 p - 2 throwing nets
 y - 6 atropa-tipped darts
Armour
 j - a +0 pair of gloves (worn)
 z - a +2 helmet of see invisible (worn)
 C - a +0 buckler
 G - a +1 pair of boots of rampaging (worn)
 N - a +2 robe of resistance (worn)
 O - a +0 cloak of stealth (worn)
Jewellery
 e - a +6 ring of strength
 n - a ring of flight
 t - the ring of Tiydghus (left hand) {MP+9 Str+2 Stlth+}
   (You bought it in a shop on level 1 of the Dungeon)

   [ring of magical power]

   Str:       It affects your strength (+2).
   MP:        It affects your magic capacity (+9).
   Stlth:     It makes you more stealthy.
 x - a ring of see invisible
 A - a +4 ring of protection (right hand)
 S - an amulet of regeneration (around neck)
 W - the ring of Wucaxuf {MP+9 AC+4}
   (You found it on level 3 of the Lair of Beasts)

   [ring of protection]

   AC:        It affects your AC (+4).
   MP:        It affects your magic capacity (+9).
 Z - a +6 ring of strength
Wands
 s - a wand of flame (32)
 w - a wand of polymorph (8)
 F - a wand of light (15)
 I - a wand of mindburst (30)
 T - a wand of charming (13)
 U - a wand of roots (7)
 V - a wand of digging (8)
Scrolls
 f - 2 scrolls of identify
 u - a scroll of magic mapping
 B - 5 scrolls of blinking
 D - 5 scrolls of fog
 J - a scroll of amnesia
 P - 4 scrolls of teleportation
 Q - 2 scrolls of fear
Potions
 d - 3 potions of flight
 g - 12 potions of curing
 k - 4 potions of resistance
 m - a potion of cancellation
 o - 6 potions of heal wounds
 q - 6 potions of might
 r - 3 potions of mutation
 v - a potion of berserk rage
 E - 3 potions of attraction
 L - 3 potions of haste
 M - a potion of brilliance
 R - 2 potions of magic
 Y - a potion of ambrosia
Miscellaneous
 h - a box of beasts
 X - a phantom mirror


   Skills:
 + Level 11.4 Fighting
 - Level 14.4 Short Blades
 * Level 3.1 Dodging
 + Level 16.0 Stealth
 + Level 10.8 Spellcasting
 + Level 11.6 Hexes
 + Level 7.9 Summonings


You had 9 spell levels left.
You knew the following spells:

 Your Spells              Type           Power      Damage    Failure   Level
a - Ensorcelled Hibernat  Hex/Ice        70%        N/A       1%          2
b - Confusing Touch       Hex            57%        N/A       1%          3
c - Tukima's Dance        Hex            57%        N/A       1%          3
d - Dazzling Flash        Conj/Hex       70%        N/A       1%          3
e - Passwall              Tmut/Erth      9%         N/A       9%          2
f - Summon Mana Viper     Hex/Summ       51%        N/A       3%          5
g - Animate Armour        Summ/Erth      56%        N/A       12%         4
h - Summon Ice Beast      Ice/Summ       28%        N/A       12%         4

Your spell library contained the following spells:

 Spells                   Type           Power      Damage    Failure   Level
 Ignite Poison            Fire/Tmut/Pois 11%        N/A       19%         3
 Stone Arrow              Conj/Erth      22%        3d8       19%         3
 Swiftness                Air            11%        N/A       19%         3
 Volatile Blastmotes      Fire/Tloc      22%        2d11      19%         3
 Iskenderun's Mystic Bla  Conj/Tloc      11%        2d4       52%         4
 Sticky Flame             Conj/Fire      11%        2d3       52%         4
 Blade Hands              Tmut           5%         N/A       86%         5
 Irradiate                Conj/Tmut      5%         3d13      86%         5
 Monstrous Menagerie      Summ           22%        N/A       88%         7
 Starburst                Conj/Fire      5%         6d4       100%        6
 Dragon Form              Tmut           5%         N/A       100%        7
 Malign Gateway           Summ/Tloc      14%        N/A       100%        7
 Ignition                 Fire           5%         3d4       100%        8
 Lehudib's Crystal Spear  Conj/Erth      5%         10d3      100%        8
 Summon Horrible Things   Summ           22%        N/A       100%        8


Dungeon Overview and Level Annotations

Branches:
Dungeon (8/15)             Temple (1/1) D:6            Lair (5/5) D:8
 Shoals (0/4) Lair:3        Snake (0/4) Lair:3        Slime (0/5) Lair:5
Volcano (visited)         Gauntlet (visited)

Altars:
Gozag
Hepliaklqana
Ru
Wu Jian
Yredelemnul
Zin
The Shining One

Shops:
D:1 =   D:4 *   D:6 (

Annotations:
Lair:2 2 transporters
Lair:5 1 runed translucent door


Innate Abilities, Weirdness & Mutations

You are small and have problems with some larger weapons.
You are completely attuned to the shadows.


Message History

The tyrant leech bites you!
The tyrant leech draws strength from your injuries!
You hit the tyrant leech.
The tyrant leech looks as sick as possible!
The tyrant leech is heavily wounded.
You barely miss the tyrant leech.
The tyrant leech is heavily wounded.
The torpor snail closely misses you. The tyrant leech bites you.
The tyrant leech draws strength from your injuries!
You miss the tyrant leech.
The tyrant leech is heavily wounded.
You hit the tyrant leech.
The tyrant leech looks as sick as possible!
The tyrant leech is heavily wounded.
The torpor snail barely misses you. The tyrant leech bites you!!
The tyrant leech draws strength from your injuries!
You closely miss the tyrant leech.
The tyrant leech is moderately wounded.
Casting: Ensorcelled Hibernation (safe; 1% risk of failure)
Confirm with . or Enter, or press ? or * to list all spells.
Casting: Dazzling Flash (safe; 1% risk of failure)
Press: ? - help, Dir - look around, f - activate The tyrant leech closely misses you.
The torpor snail bites you! The tyrant leech bites you!!
* * * LOW HITPOINT WARNING * * *
The tyrant leech draws strength from your injuries!
The tyrant leech attacks as you move away!
The tyrant leech bites you but does no damage.
The torpor snail attacks as you move away!
The torpor snail closely misses you.
The torpor snail attacks as you move away!
The torpor snail bites you but does no damage.
The tyrant leech attacks as you move away!
The tyrant leech closely misses you. The torpor snail bites you!
* * * LOW HITPOINT WARNING * * *
As you read the scroll of teleportation, it crumbles to dust.
You feel strangely unstable. The tyrant leech bites you!
You die...
Your body crumbles into a pile of gold.

**,,,**.#......#.#
###...#+
******.......#.##
#....###
*,*,,......####
##..##*$
**,,,*#.#...#.#
###..## *$
**,,,**##.#...##
#....# ** *,,**,*
####...###
##..#####* *,,,***
##.#....# ##.....##
*,,,,*** #.!ww.$##
##...#.# **,,,,,*
#..@...#* #.....#.
*,,,,,** ##......#
#....... **,,,,*
##..#### ###.....
**,,** ####
#..#.... **** ***
##*#######....
**,###.##.###......
#.............#..#.
#............######
*#..........#.#


You could see a tyrant leech (extremely poisoned) and a torpor snail.

Vanquished Creatures
  Kirke (Lair:4)
  Nessos (Lair:3)
  A minotaur (Gauntlet)
  An entropy weaver (Gauntlet)
  A fire dragon (Volcano)
  4 hydras
  Fannar (Lair:1)
  A two-headed ogre (D:6)
  Sonja (Lair:5)
  A skyshark (Lair:4)
  3 lindwurms (Volcano)
  2 wolf spiders
  A salamander (Lair:3)
  Maurice (D:8)
  12 elephants
  A guardian serpent (Lair:5)
  9 black mambas
  5 torpor snails (Lair:5)
  4 smoke demons (Volcano)
  Psyche (D:8)
  A minotaur zombie (Gauntlet)
  11 cane toads
  8 rime drakes
  3 komodo dragons
  A queen bee (Lair:3)
  2 tyrant leeches (Lair:5)
  A polar bear (Lair:5)
  8 hornets
  A dream sheep (Lair:5)
  25 blink frogs
  A jumping spider (Gauntlet)
  Sigmund (D:5)
  14 wyverns
  33 yaks
  4 redbacks (Lair:5)
  6 steam dragons
  A basilisk (Lair:5)
  A hell hound (Volcano)
  16 water moccasins
  4 sky beasts
  4 ice beasts
  4 orc warriors
  4 black bears
  4 wolves (Lair:3)
  6 ogres
  5 centaurs
  A phantom (D:6)
  A kobold brigand (D:7)
  15 bullfrogs
  2 scorpions (D:5)
  3 wights
  27 killer bees (Lair:3)
  5 howler monkeys
  3 lava snakes (Lair:3)
  5 jellies
  3 hounds
  A gnoll bouda (Lair:2)
  Crazy Yiuf (D:5)
  Ijyb (D:5)
  4 sleepcaps
  5 iguanas
  4 orc wizards
  6 hell rats (Lair:5)
  Robin (D:4)
  12 adders
  5 gnolls
  A river rat (Lair:3)
  A shadow imp (D:7)
  2 white imps
  4 worms
  4 dart slugs
  11 orcs
  11 endoplasms
  6 giant cockroaches
  16 goblins
  9 hobgoblins
  2 jackals (D:4)
  10 kobolds
  6 quokkas
  4 ball pythons
  7 bats
  5 frilled lizards
  4 rats
429 creatures vanquished.

Vanquished Creatures (collateral kills)
  A blink frog (Lair:5)
  A dream sheep (Lair:5)
  5 shadows (Gauntlet)
  A yak (Lair:5)
  5 wights
  A lava snake (Lair:3)
14 creatures vanquished.

Vanquished Creatures (others)
  2 humans (Lair:4)
  A dancing weapon (D:8)
  2 water moccasins (Lair:4)
  A goblin (D:4)
  49 fungi
  116 plants
171 creatures vanquished.

Grand Total: 614 creatures vanquished

Notes
Turn   | Place    | Note
-------+----------+-------------------------------------------
     0 | D:1      | raph the Kobold Enchanter began the quest for the Orb.
     0 | D:1      | Reached XP level 1. HP: 10/10 MP: 3/3
    85 | D:1      | Found Fainuete's One-of-a-Kind Rings.
   131 | D:1      | Reached XP level 2. HP: 14/15 MP: 5/5
   316 | D:1      | Found a faded altar of an unknown god.
   684 | D:1      | Reached XP level 3. HP: 19/19 MP: 6/6
   884 | D:1      | Learned a level 3 spell: Confusing Touch
   887 | D:1      | Learned a level 2 spell: Ensorcelled Hibernation
  1539 | D:2      | Reached skill level 5 in Stealth
  1539 | D:2      | Reached XP level 4. HP: 24/24 MP: 7/7
  2484 | D:2      | Reached XP level 5. HP: 28/28 MP: 8/8
  2654 | D:2      | Learned a level 3 spell: Tukima's Dance
  3697 | D:3      | Reached skill level 6 in Stealth
  3701 | D:3      | Reached XP level 6. HP: 25/32 MP: 1/9
  4257 | D:4      | Found an opulent altar of Gozag.
  4349 | D:4      | Became a worshipper of Gozag Ym Sagoz the Greedy
  4743 | D:4      | Noticed an ogre
  4748 | D:4      | Killed an ogre
  4749 | D:4      | Reached skill level 5 in Short Blades
  4802 | D:4      | Found Jumn's Elemental Accessories.
  4807 | D:4      | Noticed Robin
  4853 | D:4      | Reached XP level 7. HP: 27/36 MP: 1/10
  4861 | D:4      | Killed Robin
  5141 | D:4      | Found a hazy altar of Hepliaklqana.
  5337 | D:5      | Entered Level 5 of the Dungeon
  5394 | D:5      | Reached skill level 1 in Fighting
  5394 | D:5      | Reached skill level 7 in Stealth
  5394 | D:5      | Reached skill level 5 in Hexes
  5572 | D:1      | Bought the ring of Tiydghus {MP+9 Str+2 Stlth+} for 340
                  | gold pieces
  5792 | D:5      | Found a glowing golden altar of the Shining One.
  5889 | D:5      | Reached XP level 8. HP: 44/44 MP: 12/12
  5988 | D:5      | Reached skill level 8 in Stealth
  6010 | D:5      | Noticed Sigmund
  6130 | D:5      | Found a basalt altar of Yredelemnul.
  6166 | D:5      | Noticed Ijyb
  6170 | D:5      | Killed Ijyb
  6185 | D:5      | Learned a level 3 spell: Dazzling Flash
  6245 | D:5      | Found a runed translucent door.
  6248 | D:5      | Noticed Crazy Yiuf
  6386 | D:6      | Found a sacrificial altar of Ru.
  6386 | D:6      | Found an ornate altar of the Wu Jian Council.
  6395 | D:6      | You fall into a shaft and drop 2 floors!
  6457 | D:8      | Noticed a yak
  6457 | D:8      | Noticed a yak
  6457 | D:8      | Noticed a yak
  6715 | D:7      | Reached XP level 9. HP: 51/51 MP: 15/15
  6721 | D:7      | Identified the +6 morningstar "Jeroum" {flame, Int+2}
  6943 | D:6      | Reached skill level 9 in Stealth
  7007 | D:6      | Found Kull's Weapon Emporium.
  7089 | D:6      | Found a glowing silver altar of Zin.
  7271 | D:6      | Noticed a two-headed ogre
  7279 | D:6      | Found a staircase to the Ecumenical Temple.
  7284 | Temple   | Entered the Ecumenical Temple
  7545 | D:6      | Killed a two-headed ogre
  7546 | D:6      | Reached skill level 5 in Fighting
  7546 | D:6      | Reached skill level 5 in Spellcasting
  7578 | D:6      | Reached XP level 10. HP: 59/59 MP: 18/18
  7659 | D:6      | Reached skill level 10 in Stealth
  9800 | D:8      | Noticed Psyche
  9803 | D:8      | Reached skill level 11 in Stealth
  9817 | D:8      | Killed Psyche
  9866 | D:8      | Identified the +5 quarterstaff of the Thoughtful Priests
                  | {elec, rC- Str+3 Dex+4}
  9921 | D:8      | Found a staircase to the Lair.
  9953 | D:8      | Reached XP level 11. HP: 66/66 MP: 21/21
  9965 | D:8      | Reached skill level 10 in Short Blades
 10062 | D:8      | Learned a level 2 spell: Passwall
 10135 | D:5      | Killed Sigmund
 10414 | D:5      | Killed Crazy Yiuf
 10592 | D:8      | Noticed Maurice
 10950 | D:8      | Killed Maurice
 11154 | D:8      | Learned a level 5 spell: Summon Mana Viper
 11359 | Lair:1   | Entered Level 1 of the Lair of Beasts
 11393 | Lair:1   | Reached skill level 12 in Stealth
 11446 | Lair:1   | Found a dark tunnel.
 11452 | Volcano  | Entered a volcano
 11472 | Volcano  | Reached skill level 1 in Summonings
 11496 | Volcano  | Noticed a lindwurm
 11519 | Volcano  | Killed a lindwurm
 11521 | Volcano  | Noticed a lindwurm
 11534 | Volcano  | Killed a lindwurm
 11574 | Volcano  | Noticed a lindwurm
 11577 | Volcano  | Killed a lindwurm
 11578 | Volcano  | Reached XP level 12. HP: 71/73 MP: 23/23
 11627 | Volcano  | Noticed a fire dragon
 11632 | Volcano  | Killed a fire dragon
 11881 | Lair:1   | Noticed Fannar
 11899 | Lair:1   | Killed Fannar
 12159 | Lair:1   | Reached skill level 13 in Stealth
 12712 | Lair:2   | Found the +11 Singing Sword {sonic wave}
 12736 | Lair:2   | Noticed a four-headed hydra
 12741 | Lair:2   | Killed a four-headed hydra
 13069 | Lair:2   | Reached XP level 13. HP: 80/80 MP: 25/25
 13084 | Lair:2   | Found a transporter.
 13312 | Lair:2   | Found a transporter.
 13431 | Lair:2   | Reached skill level 10 in Hexes
 13631 | Lair:3   | Reached skill level 5 in Summonings
 13676 | Lair:3   | Noticed Nessos
 13688 | Lair:3   | Killed Nessos
 13691 | Lair:3   | Reached skill level 14 in Stealth
 13887 | Lair:3   | Noticed a six-headed hydra
 14095 | Lair:3   | Killed a six-headed hydra
 14596 | Lair:3   | Reached skill level 10 in Fighting
 14798 | Lair:3   | Identified the ring of Wucaxuf {MP+9 AC+4}
 15092 | Lair:3   | Noticed a six-headed hydra
 15320 | Lair:3   | Killed a six-headed hydra
 15774 | Lair:3   | Learned a level 4 spell: Animate Armour
 15779 | Lair:3   | Learned a level 4 spell: Summon Ice Beast
 15789 | Lair:3   | Found a staircase to the Snake Pit.
 16001 | Lair:3   | Found a staircase to the Shoals.
 16570 | Lair:4   | Reached XP level 14. HP: 88/88 MP: 27/27
 16640 | Lair:4   | Noticed Kirke
 16652 | Lair:4   | Killed Kirke
 17257 | Lair:5   | Entered Level 5 of the Lair of Beasts
 17270 | Lair:5   | Reached skill level 15 in Stealth
 17270 | Lair:5   | Reached skill level 10 in Spellcasting
 17439 | Lair:5   | Found a gate leading to a gauntlet.
 17445 | Gauntlet | Entered a Gauntlet
 17445 | Gauntlet | Found a transporter.
 17485 | Gauntlet | Found a transporter.
 17522 | Gauntlet | Found a transporter.
 17534 | Gauntlet | Found a runed translucent gate.
 17557 | Gauntlet | Found a transporter.
 17579 | Gauntlet | Found a transporter.
 17579 | Gauntlet | Found a transporter.
 17604 | Gauntlet | Found a transporter.
 17641 | Gauntlet | Found a transporter.
 17672 | Gauntlet | Found a runed translucent gate.
 17672 | Gauntlet | Found a runed translucent gate.
 17912 | Gauntlet | Identified the +0 helmet "Rutwussi" {Int+2}
 17958 | Gauntlet | Noticed a minotaur
 17966 | Gauntlet | Killed a minotaur
 18017 | Gauntlet | Identified the +9 broad axe of Mayhem {flame, Stlth+}
 18017 | Gauntlet | Identified the staff of poison "Eniererch" {rPois Dex+3}
 18017 | Gauntlet | Identified the +10 war axe "Rasyr" {elec, rF+ rC+}
 18017 | Gauntlet | Identified the +6 glaive "Ojosukhlu" {flame, rPois Str-5
                  | Dex+2}
 19095 | Lair:5   | Noticed Sonja
 19105 | Lair:5   | Killed Sonja
 19713 | Lair:5   | Identified the +0 quarterstaff "Esisha Umol" {protect,
                  | Dex+5 Stlth-}
 20469 | Lair:5   | Reached XP level 15. HP: 63/95 MP: 18/29
 20570 | Lair:5   | Found a staircase to the Slime Pits.
 20636 | Lair:5   | Paralysed by a hornet for 3 turns
 21373 | Lair:5   | Found a runed translucent door.
 21378 | Lair:5   | Reached skill level 16 in Stealth
 21539 | Lair:5   | Slain by a tyrant leech

Illustrated notes

Levels and vault maps discovered:
D:1:      dpeg_arrival_lava_temple_mockup, layout_basic,
          shapermc_ecumenical_altar_notcrosses, nicolae_shop_unique_rings,
          nicolae_kite_square_tiling_tiny, minmay_misc_feat_square,
          minivault_27, nrook_campfire, wander_ebering_terrifying_dragon_lair
D:2:      layout_basic
D:3:      layout_basic, minmay_increasing_density
D:4:      layout_loops_ring, lemuel_doored_altar,
          mainiacjoe_overflow_tiny_flanked, small_statue_intersection,
          nicolae_elemental_shop, serial_bayou_pond_e, uniq_robin
D:5:      layout_loops_ring, mainiacjoe_overflow_cross_hatched,
          kennysheep_diamond, uniq_crazy_yiuf_cottage, uniq_ijyb, uniq_sigmund
D:6:      minmay_thinvault, layout_cave_pools,
          gammafunk_temple_overflow_forgotten,
          minmay_temple_entry_drinking_statues, serial_co_window_serial,
          co_window_of_opportunity_a, co_window_paths_b, co_window_paths_b,
          co_window_of_opportunity_a, co_window_of_opportunity_a,
          co_window_paths_a, co_window_paths_a, co_window_broadway_c,
          co_window_corner_cb, co_window_2corner, co_window_corner_cb,
          glass_columns_c, glass_columns_a, glass_columns_b, glass_columns_b,
          glass_columns_a, serial_shops, nicolae_shop_bloodbath_and_beyond
D:7:      minmay_general_purpose_star, layout_gridville, enter_bailey_2,
          nicolae_zen_rock_garden, grunt_ministairs_2
D:8:      layout_loops_cross, grunt_lair_entry_orc_guard_hut, enter_ossuary_1,
          nicolae_titane, uniq_psyche, uniq_maurice
Temple:   hellmonk_temple_beads
Lair:1:   layout_regular_city, nicolae_volcano_entry_s_turn, grunt_megastairs_5,
          uniq_fannar
Lair:2:   layout_gridlike, gammafunk_ghost_abyssal_escape,
          dreamdust_gnoll_shepherd
Lair:3:   regret_index_wax_grids, layout_cave_shapes,
          minmay_shoals_entry_centaurs, nicolae_snake_entry_warm_welcome,
          uniq_nessos
Lair:4:   layout_hall_layers, uniq_kirke
Lair:5:   wormcave, layout_big_grid, hangedman_lair_tendril_chambers,
          slime_entry_1, gauntlet_entry_generic, uniq_sonja

Skill      XL: |  1  2  3  4  5  6  7  8  9 10 11 12 13 14 15 |
---------------+----------------------------------------------+-----
Short Blades   | 2 3 4 5 6 8 9 11 12 13 14 | 14.4
Stealth        | 5 6 7 8 9 11 12 13 14 15 16 | 16.0
Hexes          | 4 5 6 7 8 9 10 11 | 11.6
Fighting       | 2 3 5 6 8 9 10 11 | 11.4
Spellcasting   | 3 4 5 6 7 8 9 10 | 10.8
Summonings     | 2 4 6 7 |  7.9
Dodging        | 3 |  3.1

Action                     |  1- 3 |  4- 6 |  7- 9 | 10-12 | 13-15 || total
---------------------------+-------+-------+-------+-------+-------++-------
  Melee: Dagger            |    79 |   135 |    84 |   278 |   680 ||  1256
         Punch             |     1 |     5 |     1 |     2 |    11 ||    20
   Cast: Ensorcelled Hiber |       |    38 |    29 |    70 |   186 ||   323
         Confusing Touch   |       |       |     4 |     4 |     9 ||    17
         Dazzling Flash    |       |       |     1 |     9 |    57 ||    67
         Tukima's Dance    |       |       |     1 |    13 |       ||    14
         Summon Ice Beast  |       |       |       |       |     6 ||     6
         Animate Armour    |       |       |       |       |     4 ||     4
         Summon Mana Viper |       |       |       |       |     7 ||     7
         Passwall          |       |       |       |       |     2 ||     2
  Evoke: Wand              |       |       |     1 |     5 |     7 ||    13
    Use: Scroll            |     5 |     9 |    10 |     8 |     6 ||    38
         Potion            |       |     1 |     1 |     3 |     3 ||     8
   Stab: Sleeping          |    26 |    45 |    33 |    88 |   118 ||   310
         Invisible         |       |     1 |     4 |    19 |    40 ||    64
         Confused          |       |       |     4 |     2 |    15 ||    21
         Distracted        |       |       |     2 |     4 |     9 ||    15
 Armour: Robe              |     9 |    23 |    11 |    61 |   182 ||   286
  Dodge: Dodged            |    48 |    68 |    38 |   121 |   409 ||   684
